 Dungeon Crawl Stone Soup version 0.31-a0-237-g2d982f9f85 (webtiles) character file.

Game seed: 9477303273013220190

305 qw the Shooter (level 6, -1/37 HPs)
             Began as a Gargoyle Hexslinger on July 10, 2023.
             Slain by a gnoll
             ... wielding a +0 flail
              (5 damage)
             ... on level 4 of the Dungeon.
             The game lasted 00:01:12 (2272 turns).

qw the Shooter (Gargoyle Hexslinger)                Turns: 2272, Time: 00:01:13

Health: -1/37      AC: 10    Str: 12    XL:     6   Next: 39%
Magic:  7/7        EV: 10    Int: 13    God:
Gold:   97         SH:  0    Dex: 14    Spells: 6/7 levels left

rFire   . . .        Y - +2 longbow (freeze)
rCold   . . .        (shield currently unavailable)
rNeg    + . .        e - +0 ring mail
rPois   inf          (no helmet)
rElec   +            l - +0 cloak
rCorr   .            (no gloves)
SInv    .            (no boots)
Will    .....        (no amulet)
Stlth   +            (no ring)
HPRegen 0.26/turn    (no ring)
MPRegen 0.10/turn

%: no passive effects
@: no status effects
A: sickness immunity, AC +4, negative energy resistance 1, electricity
resistance, torment resistance 1, petrification resistance
a: no special abilities


You were on level 4 of the Dungeon.
You visited 1 branch of the dungeon, and saw 4 of its levels.

You collected 188 gold pieces.
You spent 91 gold pieces at shops.


Innate Abilities, Weirdness & Mutations

You are immune to sickness and miasma.
Your stone body is resilient. (AC +4)
You are immune to poison.
You resist negative energy. (rN+)
You are resistant to electric shocks. (rElec)
You are resistant to unholy torment.
You are immune to petrification.


   Skills:
 - Level 3.2 Fighting
 + Level 5.7 Ranged Weapons
 - Level 1.0 Armour
 - Level 1.5 Dodging
 - Level 1.0 Spellcasting
 - Level 2.6 Hexes


You had 6 spell levels left.
You knew the following spells:

 Your Spells              Type           Power      Damage    Failure   Level
a - Slow                  Hex            28%        N/A       22%         1

Your spell library contained the following spells:

 Spells                   Type           Power      Damage    Failure   Level
 Inner Flame              Hex/Fire       4%         N/A       73%         3
 Portal Projectile        Hex/Tloc       8%         N/A       73%         3
 Cause Fear               Hex            3%         N/A       91%         4

Inventory:

Hand Weapons
 Y - a +2 longbow of freezing (weapon)
Armour
 e - a +0 ring mail (worn)
 l - a +0 cloak (worn)
Jewellery
 a - a ring of ice
 d - an amulet of the acrobat
Potions
 b - a potion of resistance {unknown}
 c - a potion of haste {unknown}
 f - a potion of enlightenment {unknown}
 h - a potion of lignification {unknown}
 i - a potion of invisibility {unknown}
 j - a potion of curing {unknown}
 k - a potion of magic {unknown}

Dungeon Overview and Level Annotations

Branches:
Dungeon (4/15)
 Temple: D:4-7

Altars:
Zin

Shops:
D:3 *


Message History

A gnoll comes into view. It is wielding a +0 spear.
The gnoll shouts!
You hear a shout!
A gnoll comes into view. It is wielding a +0 halberd.
The gnoll is attracted toward you. x2
You shoot an arrow. The gnoll shouts!
The arrow hits the gnoll.
The arrow freezes the gnoll.
The gnoll is moderately wounded.
You hear a shout!
The gnoll hits you but does no damage. The gnoll is attracted toward you. x2
You shoot an arrow. The arrow hits the gnoll.
The arrow freezes the gnoll.
The gnoll is heavily wounded.
The gnoll hits you but does no damage. The gnoll is attracted toward you. x2
You feel less attractive to monsters. 2 gnolls come into view.
You shoot an arrow. The gnoll shouts!
The arrow hits the gnoll.
The arrow freezes the gnoll.
The gnoll is severely wounded.
The gnoll completely misses you. The gnoll barely misses you.
The gnoll hits you with a +0 halberd.
The gnoll hits you from afar with a +0 spear.
You shoot an arrow. The arrow hits the gnoll!
The arrow freezes the gnoll.
You kill the gnoll!
The gnoll hits you with a +0 whip! The gnoll barely misses you.
You shoot an arrow. The arrow hits the gnoll.
The arrow freezes the gnoll.
The gnoll is moderately wounded.
The gnoll hits you but does no damage. The gnoll hits you with a +0 flail.
The gnoll hits you but does no damage. x2; The gnoll closely misses you.
The gnoll hits you with a +0 whip.
You shoot an arrow. The arrow barely misses the gnoll.
The gnoll hits you with a +0 whip. The gnoll closely misses you.
The gnoll misses you.
You shoot an arrow. The arrow hits the gnoll.
The arrow freezes the gnoll.
The gnoll is severely wounded.
The gnoll hits you with a +0 whip. The gnoll hits you with a +0 flail.
The gnoll barely misses you.
The gnoll hits you from afar with a +0 spear.
The gnoll hits you with a +0 flail.
You die...

....... ....# ...#.##
##....# .....###.....#
#.#...#.#...#
#..##.#.#...#
#........# #
#........## #
#.##.##<.....##.#.#
.###.#..##.#..#[@g...#
.......###...#.g)#.###
.##...<..........g.#
.%......##...........
##...##.##..#..#.#.##.#
..... ............. #
..... ....#.#.#.#.#.
#... ...............
##.# .#..#


You could see 3 gnolls.

Vanquished Creatures
  A scorpion (D:3)
  A vampire bat (D:3)
  3 orc wizards
  2 gnolls
  4 adders
  2 worms (D:2)
  A dart slug (D:2)
  3 orcs
  7 ball pythons
  15 bats
  2 endoplasms
  2 giant cockroaches
  8 goblins
  7 hobgoblins
  8 kobolds
  4 quokkas
  3 frilled lizards (D:1)
  6 rats
79 creatures vanquished.

Notes
Turn   | Place    | Note
-------+----------+-------------------------------------------
     0 | D:1      | qw the Gargoyle Hexslinger began the quest for the Orb.
     0 | D:1      | Reached XP level 1. HP: 12/12 MP: 2/2
     0 | D:1      | 0 ||| qw: Version: 0.3-a-52-g30416fa
     0 | D:1      | 0 ||| qw: Game counter: 5132
     0 | D:1      | 0 ||| qw: Melee chars always use a shield: true
     0 | D:1      | 0 ||| qw: God list: Okawaru
     0 | D:1      | 0 ||| qw: Allow faded altars: false
     0 | D:1      | 0 ||| qw: Do Orc after clearing Dungeon:15 true
     0 | D:1      | 0 ||| qw: Do second Lair branch before Depths: true
     0 | D:1      | 0 ||| qw: Lair rune preference: random
     0 | D:1      | 0 ||| qw: Goals: Normal
     0 | D:1      | 0 ||| PLANNING D:1-11
    39 | D:1      | Reached XP level 2. HP: 16/16 MP: 3/3
   114 | D:1      | Reached skill level 3 in Ranged Weapons
   210 | D:1      | Reached XP level 3. HP: 8/22 MP: 4/4
   218 | D:1      | HP: 5/22 [rat (2)]
   539 | D:1      | 539 ||| UPGRADING to +0 ring mail.
   549 | D:1      | 549 ||| DROPPING +0 robe.
   550 | D:1      | 550 ||| DROPPING amulet of magic regeneration.
   551 | D:1      | 551 ||| READING scroll labelled KIKHEOWNAEXT.
   554 | D:1      | 554 ||| DROPPING scroll of poison.
   796 | D:2      | Reached XP level 4. HP: 27/27 MP: 5/5
  1095 | D:2      | Reached skill level 4 in Ranged Weapons
  1099 | D:2      | Found a glowing silver altar of Zin.
  1102 | D:2      | 1102 ||| SWAPPING to +0 heavy sling.
  1103 | D:2      | 1103 ||| DROPPING +1 sling.
  1166 | D:2      | Reached skill level 1 in Armour
  1445 | D:2      | 1445 ||| UPGRADING to +0 cloak.
  1450 | D:2      | 1450 ||| READING scroll labelled JAIR EWESCHEEN.
  1451 | D:2      | 1451 ||| READING scroll labelled DELOVEHOSS.
  1452 | D:2      | 1452 ||| READING scroll labelled LEECKO SUAFRAU.
  1453 | D:2      | 1453 ||| READING scroll labelled ICEMMEW MAFIA.
  1453 | D:2      | Identified a scroll of acquirement
  1453 | D:2      | 1453 ||| ACQUIRING +2 orcbow of draining
  1453 | D:2      | Acquired a +2 orcbow of draining
  1455 | D:2      | 1455 ||| SWAPPING to +2 orcbow of draining.
  1456 | D:2      | 1456 ||| DROPPING +0 heavy sling.
  1457 | D:2      | 1457 ||| READING scroll labelled RONYKU JIULEMO.
  1458 | D:2      | 1458 ||| READING scroll labelled WANERCH KOAMEF.
  1459 | D:2      | 1459 ||| READING scroll labelled GUGAIJEOXER.
  1640 | D:3      | Noticed a scorpion
  1650 | D:3      | Killed a scorpion
  1651 | D:3      | Reached XP level 5. HP: 25/31 MP: 6/6
  1652 | D:3      | Reached skill level 5 in Ranged Weapons
  1703 | D:3      | 1703 ||| FLEEEEING.
  1704 | D:3      | 1704 ||| FLEEEEING.
  1705 | D:3      | 1705 ||| FLEEEEING.
  1709 | D:3      | 1709 ||| FLEEEEING.
  1710 | D:3      | 1710 ||| FLEEEEING.
  1711 | D:3      | 1711 ||| FLEEEEING.
  1712 | D:3      | 1712 ||| FLEEEEING.
  1713 | D:3      | 1713 ||| FLEEEEING.
  1714 | D:3      | 1714 ||| FLEEEEING.
  1715 | D:3      | 1715 ||| FLEEEEING.
  1716 | D:3      | 1716 ||| FLEEEEING.
  1717 | D:3      | 1717 ||| FLEEEEING.
  1722 | D:3      | 1722 ||| FLEEEEING.
  1725 | D:3      | 1725 ||| STAIRDANCE
  1737 | D:2      | 1737 ||| DROPPING scarf of invisibility.
  1746 | D:3      | 1746 ||| STAIRDANCE
  1749 | D:2      | Reached skill level 3 in Fighting
  1755 | D:2      | Reached XP level 6. HP: 27/37 MP: 7/7
  1810 | D:3      | Found Ykem's Assorted Antiques.
  1815 | D:3      | 1815 ||| BUYING fizzy black potion (29 gold).
  1815 | D:3      | Bought a fizzy black potion for 29 gold pieces
  1815 | D:3      | 1815 ||| SHOPLISTING pair of encrusted gloves (313 gold,
                  | have 86).
  1815 | D:3      | 1815 ||| BUYING puce potion (29 gold).
  1815 | D:3      | Bought a puce potion for 29 gold pieces
  1815 | D:3      | 1815 ||| BUYING scroll labelled CYKOYM CECECUSMA (33 gold).
  1815 | D:3      | Bought a scroll labelled CYKOYM CECECUSMA for 33 gold
                  | pieces
  2055 | D:3      | 2055 ||| SWAPPING to +2 longbow of freezing.
  2056 | D:3      | 2056 ||| DROPPING +3 orcbow of freezing.
  2228 | D:3      | 2228 ||| READING scroll labelled CYKOYM CECECUSMA.
  2229 | D:3      | 2229 ||| DRINKING 2 green potions.
  2230 | D:3      | 2230 ||| DROPPING potion of attraction.
  2264 | D:4      | Identified the +7 scale mail of the World {Int+2}
  2272 | D:4      | HP: 9/37 [gnoll/+0 whip (4)]
  2272 | D:4      | HP: 4/37 [gnoll/+0 spear (4)]
  2272 | D:4      | Slain by a gnoll

Levels and vault maps discovered:
D:1:      minmay_arrival_cross, layout_rooms
D:2:      layout_loops_corners, basic_altar
D:3:      layout_basic, serial_shops, nicolae_shop_just_a_little_nook,
          roderic_batcave
D:4:      layout_rooms, minmay_temple_entry_glass

Skill      XL: |  1  2  3  4  5 |
---------------+----------------+-----
Ranged Weapons | 3 4 5 |  5.7
Fighting       | 2 3 |  3.2
Armour         | 1 |  1.0
Dodging        | |  1.5
Spellcasting   | |  1.0
Hexes          | |  2.6

Action                     |  1- 3 |  4- 6 || total
---------------------------+-------+-------++-------
   Fire: Sling             |   140 |    50 ||   190
         Orcbow            |       |    62 ||    62
         Longbow           |       |    24 ||    24
    Use: Scroll            |     1 |     8 ||     9
         Potion            |       |     1 ||     1
 Armour: Robe              |    31 |       ||    31
         Ring mail         |     2 |   108 ||   110
  Dodge: Dodged            |    85 |   107 ||   192

Table legend:
 A = Non-vault XP
 B = Vault XP
 C = Vault XP percentage of total XP
 D = Non-vault monster count
 E = Vault monster count
 F = Vault count percentage of total count
                 A         B        C        D         E       F
            +---------+---------+-------+---------+---------+-------
      Total |     371 |      65 |  14.9 |      71 |       8 |  10.1
            +---------+---------+-------+---------+---------+-------
        D:1 |      71 |       0 |   0.0 |      34 |       0 |   0.0
        D:2 |     116 |       0 |   0.0 |      21 |       0 |   0.0
        D:3 |     168 |      65 |  27.9 |      14 |       8 |  36.4
        D:4 |      16 |       0 |   0.0 |       2 |       0 |   0.0
            +---------+---------+-------+---------+---------+-------
